 Dungeon Crawl Stone Soup version 0.18-a0-1343-g48c8f86 (webtiles) character file.

465 M4edhros the Sneak (level 7, -4/48 HPs)
             Began as an Octopode Monk on Feb 16, 2016.
             Slain by a mottled dragon (13 damage)
             ... on level 6 of the Dungeon.
             The game lasted 00:05:12 (1191 turns).

M4edhros the Sneak (Octopode Monk)                  Turns: 1191, Time: 00:05:12

Health: -4/48      AC:  1    Str: 10    XL:     7   Next: 8%
Magic:  7/7        EV: 15    Int: 12    God:
Gold:   163        SH:  0    Dex: 17    Spells: 0 memorised, 6 levels left

rFire  . . .     SeeInvis .       - Unarmed
rCold  . . .     Gourm    .     (no shield)
rNeg   . . .     Faith    .     (helmet restricted)
rPois  +         Spirit   .     (no amulet)
rElec  .         Dismiss  .     g - ring of flight
rCorr  .         Reflect  .     s - ring of poison resistance
SustAt .         Harm     .     (no ring)
MR     .....                    (no ring)
Stlth  +++++.....               (no ring)
                                (no ring)
                                (no ring)
                                (no ring)

@: not resistant to hostile enchantments, quite stealthy
A: almost no armour, amphibious, 8 rings, constrict 8, camouflage 1, gelatinous
body 1
a: Evoke Flight


You were on level 6 of the Dungeon.
You were hungry.

You visited 1 branch of the dungeon, and saw 6 of its levels.

You collected 163 gold pieces.

Inventory:

Jewellery
 g - a ring of flight (left tentacle)
 i - an uncursed ring of ice
 s - a ring of poison resistance (right tentacle)
Wands
 v - a wand of disintegration (7/24)
Scrolls
 b - 2 scrolls of remove curse {unknown}
 n - a scroll of amnesia {unknown}
 o - a scroll of immolation {unknown}
 p - 2 scrolls of identify
 q - 3 scrolls of magic mapping {unknown}
 r - a scroll of fear {unknown}
 t - a scroll of blinking {unknown}
 u - a scroll of random uselessness {unknown}
 w - a scroll of recharging {unknown}
Potions
 f - a potion of agility {unknown}
 h - a potion of magic
 j - a potion of heal wounds {unknown}
 k - a potion of lignification
 l - a potion of mutation {unknown}
 m - a potion of flight {unknown}
Comestibles
 a - 2 bread rations
 c - 2 fruits


   Skills:
 + Level 4.1 Fighting
 + Level 4.5 Dodging
 * Level 6.9 Stealth
 + Level 5.1 Unarmed Combat


You had 6 spell levels left.
You didn't know any spells.

Dungeon Overview and Level Annotations

Branches:
Dungeon (6/15)
 Temple: D:4-7

Altars:
Cheibriados
Kikubaaqudgha
Ru

Shops:
D:4 [


Innate Abilities, Weirdness & Mutations

You cannot wear most types of armour.
You are amphibious.
You can wear up to eight rings at the same time.
You can use your tentacles to constrict eight enemies at once.
Your skin changes colour to match your surroundings (Stealth).
Your rubbery body absorbs attacks (AC +1).


Message History

The shadow imp is lightly wounded.
You constrict the shadow imp. The shadow imp closely misses you.
You tentacle-slap the shadow imp.
The shadow imp is moderately wounded.
You constrict the shadow imp. The shadow imp barely misses you.
You tentacle-slap the shadow imp but do no damage.
The shadow imp is heavily wounded.
You constrict the shadow imp. You tentacle-slap the shadow imp.
You kill the shadow imp!
A mottled dragon comes into view.
The mottled dragon breathes sticky fire at you.
The sticky flame misses you.
You hear a shout!
You hear an angry hiss.
The mottled dragon misses you. The mottled dragon claws you.
* * * LOW HITPOINT WARNING * * *
You tentacle-slap the mottled dragon. Your squeeze misses the mottled dragon.
The mottled dragon is lightly wounded.
The mottled dragon bites you!
You die...

#.........#
#.........####..
#...............
##..............#
##.(.............#
)........###########
.##................
###......#.#.#.#D#
##.#)..#......@#
.......#########
..#.###.... .#..
#..... .#.# #.#...
#. #..... . #.#


You could see a mottled dragon.

Vanquished Creatures
  Sigmund (D:6)
  An ogre (D:6)
  A centaur (D:6)
  A giant frog skeleton (D:6)
  2 worker ants
  2 adders
  A shadow imp (D:6)
  2 oozes
  An adder skeleton (D:4)
  A worm (D:2)
  6 giant geckos
  3 bats
  A goblin (D:1)
  A hobgoblin (D:1)
  7 jackals
  A kobold (D:1)
  2 giant newts
  A jackal skeleton (D:6)
  A quokka skeleton (D:6)
  4 rats
40 creatures vanquished.

Vanquished Creatures (others)
  A goblin (D:2)
1 creature vanquished.

Grand Total: 41 creatures vanquished

Notes
Turn   | Place    | Note
--------------------------------------------------------------
     0 | D:1      | M4edhros the Octopode Monk began the quest for the Orb.
     0 | D:1      | Reached XP level 1. HP: 16/16 MP: 1/1
    64 | D:1      | Reached XP level 2. HP: 13/21 MP: 2/2
   179 | D:2      | Reached XP level 3. HP: 14/26 MP: 3/3
   479 | D:4      | Found Debref Ylips's Armour Emporium.
   756 | D:5      | Entered Level 5 of the Dungeon
   774 | D:5      | Reached XP level 4. HP: 14/31 MP: 4/4
   792 | D:5      | Found a snail-covered altar of Cheibriados.
   925 | D:5      | Found an ancient bone altar of Kikubaaqudgha.
   932 | D:5      | Found a sacrificial altar of Ru.
  1040 | D:6      | Noticed an ogre
  1049 | D:6      | Killed an ogre
  1049 | D:6      | Reached skill level 5 in Stealth
  1049 | D:6      | Reached XP level 5. HP: 36/36 MP: 5/5
  1094 | D:6      | Noticed a centaur
  1110 | D:6      | Killed a centaur
  1110 | D:6      | Reached skill level 6 in Stealth
  1110 | D:6      | Reached XP level 6. HP: 12/43 MP: 6/6
  1125 | D:6      | Noticed Sigmund
  1129 | D:6      | Killed Sigmund
  1129 | D:6      | Reached skill level 5 in Unarmed Combat
  1181 | D:6      | Reached XP level 7. HP: 11/48 MP: 7/7
  1188 | D:6      | Noticed a mottled dragon
  1191 | D:6      | Slain by a mottled dragon

Vault maps used:
D:1:      co_arrival_hall_of_pillars, minivault_24
D:2:      grunt_temple_overflow_holy_war
D:4:      serial_shops, nicolae_shop_stone, first_bread
D:5:      nicolae_overflow_hidden_temple, amethyst_overflow_temple_binary
D:6:      minmay_item_behind_shaft, moated_statue, hangedman_minor_gate_pass,
          uniq_sigmund

Action                   |  1- 3 |  4- 6 |  7- 9 || total
-------------------------+-------+-------+-------++-------
Melee: Unarmed           |    53 |    31 |     6 ||    90
Evoke: Wand              |       |     3 |       ||     3
  Use: Potion            |     2 |     4 |       ||     6
       Scroll            |       |     1 |       ||     1
 Stab: Sleeping          |     7 |     2 |       ||     9
